Map: Ruines d’Endion

Players

zidar - Winner!

  • Race: Zerg Zerg
  • League: Silver
  • Spawn Location: 7:00

ArthurDent

  • Race: Protoss Protoss
  • Spawn Location: 5:00

VOD

Have the link to the VOD?

Description

Time

  • Played on: April 26, 2016, 1 p.m.
  • Length: 7:52
Show
View Real Time Build Order
Export as new Build Order

zidar Zerg - Winner!

Build Orders: Pool First 

Get SALT Encoding   

  12  0:02  Drone  
  13  0:08  Drone  
  14  0:19  Overlord, Extractor  
  14  0:32  Extractor, Drone  
  15  0:38  Drone x2  
  17  0:51  Spawning Pool  
  17  0:52  Drone  
  17  1:01  Drone  
  18  1:06  Extractor  
  18  1:08  Drone  
  18  1:26  Hatchery, Drone  
  18  1:49  Drone x2  
  18  1:52  Queen  
  22  1:56  Overlord  
  22  2:12  Overlord  
  22  2:28  Roach Warren, Queen  
  23  2:39  Extractor, Drone  
  23  2:40  Drone x3  
  26  3:01  Drone x3  
  29  3:18  Drone x4  
  33  3:23  Roach x2  
  37  3:32  Roach  
  37  3:33  Roach  
  41  3:42  Metabolic Boost  
  41  3:46  Roach  
  43  3:50  Overlord  
  43  3:51  Overlord  
  43  3:53  Overlord  
  43  4:10  Roach  
  43  4:11  Roach x4  
  53  4:20  Drone  
  54  4:35  Roach  
  54  4:36  Roach x5  
  66  4:59  Zergling x6  
  68  5:08  Overlord x2  
  68  5:31  Evolution Chamber  
  68  5:32  Zergling x16  
  68  5:33  Evolution Chamber  
  68  5:35  Evolution Chamber  
  76  6:06  Hatchery  
  76  6:08  Roach x4  
  83  6:14  Lair  
  83  6:30  Overlord  
  83  6:31  Overlord x3  
  83  6:52  Zergling x10  
  83  6:53  Roach  
  83  6:54  Roach x6  
Show
View Real Time Build Order
Export as new Build Order

ArthurDent Protoss 

Build Orders:  

Get SALT Encoding   

  12  0:01  Probe (Chrono Boost)  
  13  0:12  Probe (Chrono Boost)  
  14  0:21  Pylon  
  14  0:42  Gateway  
  14  0:43  Probe (Chrono Boost)  
  14  0:49  Forge  
  15  0:54  Probe (Chrono Boost)  
  16  1:06  Probe (Chrono Boost)  
  16  1:10  Assimilator  
  17  1:20  Pylon  
  17  1:22  Probe (Chrono Boost)  
  18  1:34  Photon Cannon  
  18  1:44  Cybernetics Core  
  18  1:50  Pylon  
  18  1:54  Assimilator  
  18  2:02  Photon Cannon  
  18  2:07  Probe (Chrono Boost)  
  19  2:29  Photon Cannon  
  19  2:32  Gateway  
  19  2:36  Robotics Facility  
  19  2:43  Probe (Chrono Boost)  
  20  2:53  Probe (Chrono Boost)  
  20  2:58  Pylon  
  21  3:04  Probe (Chrono Boost)  
  22  3:18  Photon Cannon  
  22  3:20  Photon Cannon  
  22  3:24  Warp Gate (Chrono Boost)  
  22  3:29  Protoss Ground Weapons Level 1  
  22  3:43  Photon Cannon  
  22  3:49  Photon Cannon  
  22  3:58  Photon Cannon  
  22  4:11  Gateway  
  22  4:18  Stalker  
  22  4:20  Sentry  
  22  4:22  Observer  
  27  4:43  Immortal (Chrono Boost)  
  31  5:24  Nexus  
  31  5:26  Pylon  
  31  5:28  Sentry, Pylon  
  31  5:29  Sentry  
  31  5:32  Stalker  
  37  5:56  Stalker x2  
  41  5:57  Stalker  
  43  6:12  Probe  
  43  6:17  Assimilator  
  44  6:22  Assimilator  
  44  6:24  Probe  
  45  6:36  Probe  
  45  6:39  Immortal (Chrono Boost)  
  50  6:41  Probe  
  51  6:48  Probe  
  52  7:02  Twilight Council  
  52  7:03  Probe  
  52  7:05  Probe  
  54  7:11  Sentry x2  
  54  7:13  Sentry  
  60  7:17  Probe  
  60  7:20  Probe  
  62  7:29  Probe  
  63  7:30  Probe  
Tags
 
League
Silver
Matchup
PvZ
Opening
Pool First
Spawn Locations
Close Positions
Add a new tag
Caveats
  • Supply blocks, unpowered buildings, or Contaminate may cause inaccurate times.
  • Supply counts are checked every 10 seconds.